Unix NetHack Version 3.7.0-102 Work-in-progress - last build Apr 6 2024 13:22:21 (d302a6a9ff6341f1a922d8f5af178406b35fdf99,branch:master). Game began 2024-05-01 09:29:25, ended 2024-05-01 09:52:55. MalkMcJorma, chaotic male elven Ranger ---- -..--- ----- - ---- -- .....-- --.|.---- ---- --.. --.|.--.--.....---.....|.-- -- --..-- --- |.-.. |........|....|...........| |. |....---.---..-.. -............|d--........| |. --.^............-.- -..........Yr@@|----.....---|.| |.........*...)..-- ---......)---- --......||.| --................-- ---......| |..--..||.| |...........0.....| |.....-- |.-|----|.| |-...............-- -..-.-- |>.| |.| ---..........*.<...| ..-..| --.| |.| |...%.......*......| .... .-- |.-----|.| |...|....---.......| -.... -- |.....||.| |.----.--|.........- |.... -----.||.| -- |----.--.......- ---.. |.||.| |.....|--.......| --. |.--.| |.----- |....0.-- |....-- |.| |....... --....----------.| --.....-- ---..........%..| ---.--- --------------- -- MalkMcJorma the Trailblazer St:15 Dx:11 Co:15 In:15 Wi:14 Ch:7 Chaotic Dlvl:3 $:0 HP:0(40) Pw:37(37) AC:10 Xp:6/328 T:2317 Latest messages: Your armor falls around you! You can barely move a handspan with this load! You shrink out of your cloak! You sure are noisy. Your helm falls to the floor! You stagger under your load. Movement is still very hard. Your boots are pushed off your feet! You rebalance your load. Movement is still difficult. You find you must drop your dagger! Sting stops flickering. Use the command #monster to summon help. You miss the jackal. The jackal misses! The werejackal bites! Warfrost misses it. Warfrost bites it. The jackal bites! The werejackal bites! Warfrost misses it. Warfrost is suddenly very cold! You miss the jackal. The jackal misses! The werejackal bites! The jackal bites! The werejackal bites! You don't have enough stamina to move. The jackal bites! The werejackal bites! You return to elven form! Your movements are now unencumbered. The jackal bites! The werejackal bites! What do you want to wield? [- bcdD or ?*] b - an uncursed +1 elven bow (weapon in left hand). You have no secondary weapon readied. The jackal bites! The werejackal bites! a - an uncursed +1 elven dagger named Sting. s - a +0 helm called telepathy. G - a +0 pair of hard shoes. e - an uncursed +2 elven cloak. p - a +0 dwarvish mithril-coat. The jackal bites! The werejackal bites! In what direction? The elven arrow hits the werejackal! The jackal bites! The werejackal changes into a human. The werejackal hits! You die... Inventory: Weapons (')') c - 54 blessed +2 elven arrows (in quiver) d - 38 uncursed +0 elven arrows b - an uncursed +1 elven bow (weapon in left hand) D - 10 uncursed +0 daggers a - the uncursed +1 Sting Armor ('[') s - an uncursed +0 helm of caution G - an uncursed rustproof +0 pair of iron shoes v - a blessed +0 shield of reflection e - an uncursed +2 elven cloak p - a blessed +0 dwarvish mithril-coat Comestibles ('%') f - 5 uncursed lembas wafers I - a cursed partly eaten sprig of wolfsbane k - an uncursed lichen corpse MalkMcJorma the Ranger's attributes: Background: You were a Trailblazer, a level 6 male elven Ranger. You were chaotic, nominally on a mission for Mars who was opposed by Mercury (lawful) and Venus (neutral). You were left-handed. You were in the Gnomish Mines, on level 3. You entered the dungeon 2317 turns ago. You had 328 experience points, 312 more were needed to attain level 7. Basics: You had 0 out of 40 hit points. You had all 37 energy points (spell power). Your armor class was 10. Your wallet was empty. Autopickup was off. Final Characteristics: Your strength was 15 (limit:18). Your dexterity was 11 (limit:18). Your constitution was 15 (limit:16). Your intelligence was 15 (limit:20). Your wisdom was 14 (limit:20). Your charisma was 7 (limit:18). Final Status: You weren't hungry. You were unencumbered. You were wielding a bow. You had basic skill with bow. You weren't wearing any armor. Final Attributes: You were piously aligned. You were sleep resistant. You were level-drain resistant. You had automatic searching. You had infravision. You were a werejackal. You were harmed by silver. You are dead. Miscellaneous: You disabled loading of bones levels. Total elapsed playing time was 23 minutes and 30 seconds. Major events: Turn 1: MalkMcJorma the chaotic male elven Ranger entered the dungeon 70: became literate by naming Sting 473: attained the rank of Lookout (level 3) 536: entered the Gnomish Mines 2129: attained the rank of Trailblazer (level 6) 2317: killed by a werejackal Vanquished creatures: 4 gnome leaders a floating eye a kitten 5 dwarves a giant bat 2 dwarf zombies a wererat a werejackal 2 acid blobs a hobbit 3 hobgoblins 4 giant rats 3 cave spiders a red mold 16 gnomes 2 geckos 3 jackals 3 kobolds 2 goblins a sewer rat 4 grid bugs 2 lichens 5 newts 68 creatures vanquished. No species were genocided or became extinct. Voluntary challenges: You were an atheist. You read items or engraved 1 time. You never engraved Elbereth. You never genocided any monsters. You never polymorphed an object. You used no wishes. Achievements: You attained the rank of Lookout. You entered the Gnomish Mines. You entered a shop. You attained the rank of Trailblazer. The Dungeons of Doom: levels 1 to 5 Level 1: Level 2: A fountain, a sink. Stairs down to The Gnomish Mines. Level 3: An armor shop. Level 4: Level 5: The Gnomish Mines: levels 3 to 4 Level 3: <- You were here. Final resting place for you, killed by a werejackal. Level 4: Game over: ---------- / \ / REST \ / IN \ / PEACE \ / \ | MalkMcJorma | | 0 Au | | killed by a | | werejackal | | | | | | 2024 | *| * * * | * _________)/\\_//(\/(/\)/\//\/|_)_______ Goodbye MalkMcJorma the Ranger... You died in The Gnomish Mines on dungeon level 3 with 1512 points, and 0 pieces of gold, after 2317 moves. You were level 6 with a maximum of 40 hit points when you died.